 Dungeon Crawl Stone Soup version 0.19-a0-1624-ge7438a5 (webtiles) character file.

73583 PurpleRed the Bludgeoner (level 15, -2/101 HPs)
             Began as a Kobold Berserker on Sept 18, 2016.
             Was a High Priest of Trog.
             Slain by a bone dragon (8 damage)
             ... on level 4 of the Swamp.
             The game lasted 02:31:41 (12783 turns).

PurpleRed the Bludgeoner (Kobold Berserker)        Turns: 12783, Time: 02:31:42

Health: -2/101     AC: 23    Str: 25    XL:     15   Next: 90%
Magic:  20/20      EV: 20    Int:  8    God:    Trog [*****.]
Gold:   302        SH:  5    Dex: 16    Spells: 0 memorised, 14 levels left

rFire  . . .     SeeInvis .     g - +6 quarterstaff (protect)
rCold  . . .     Gourm    .     H - +3 chain mail
rNeg   + . .     Faith    .     (shield currently unavailable)
rPois  .         Spirit   .     y - +2 hat
rElec  .         Dismiss  .     (no cloak)
rCorr  .         Reflect  +     C - +0 pair of gloves
MR     +....     Harm     .     i - +1 pair of boots
Stlth  ..........               l - +5 amulet of reflection
                                N - ring of positive energy
                                T - +2 ring of evasion

@: mighty, about to teleport, very slightly contaminated, hasted, drained, very
quick
A: carnivore 3
a: Berserk, Trog's Hand, Brothers in Arms, Burn Spellbooks, Renounce Religion


You were on level 4 of the Swamp.
You worshipped Trog.
Trog was extremely pleased with you.
You were not hungry.

You visited 5 branches of the dungeon, and saw 28 of its levels.
You also visited: Labyrinth.

You collected 1716 gold pieces.
You spent 1414 gold pieces at shops.

Inventory:

Hand Weapons
 g - a +6 quarterstaff of protection (weapon)
 u - a +1 eveningstar of freezing
 x - the +7 quarterstaff of Miuvasee {flame, +Inv rPois MR+ Dex+4}
   (You bought it in a shop on level 2 of the Orcish Mines)

   It has been specially enchanted to burn those struck by it, causing extra
   injury to most foes and up to half again as much damage against particularly
   susceptible opponents.
   It affects your dexterity (+4).
   It protects you from poison.
   It affects your resistance to hostile enchantments.
   It lets you turn invisible.
 K - a +0 blowgun
Missiles
 R - 8 curare-tipped needles
Armour
 i - a +1 pair of boots (worn)
 y - a +2 hat (worn)
 C - a +0 pair of gloves (worn)
 H - a +3 chain mail (worn)
 P - a +0 troll leather armour
 S - a +2 chain mail of poison resistance
Jewellery
 l - a +5 amulet of reflection (around neck)
 s - an uncursed ring of fire
 t - an uncursed amulet of the gourmand {unknown}
 E - an uncursed ring of ice
 N - a ring of positive energy (right hand)
 T - a +2 ring of evasion (left hand)
 W - a cursed amulet of inaccuracy {unknown}
Wands
 j - a wand of lightning (3/15)
 q - a wand of iceblast (8/15)
 F - a wand of disintegration (18/24)
 M - a wand of polymorph (2/24)
 X - a wand of confusion (21/48)
Scrolls
 e - 8 scrolls of remove curse
 h - 2 scrolls of magic mapping
 n - 2 scrolls of teleportation
 r - 3 scrolls of fog
 v - a scroll of enchant weapon
 G - 2 scrolls of fear
Potions
 d - a potion of lignification
 f - a potion of agility
 k - a potion of flight
 m - a potion of magic
 o - 3 potions of might
 w - 2 potions of curing
 D - a potion of cancellation
 I - 2 potions of haste
 O - a potion of brilliance
 Q - a potion of berserk rage
Books
 z - the Almanac of Neurosis
   (You found it on level 1 of the Swamp)

   Spells                             Type                      Level
   a - Spectral Weapon                Hexes/Charms                 3
   b - Inner Flame                    Hexes/Fire                   3
   c - Delayed Fireball               Conjuration/Fire             7
   Trog disapproves of the use of such an item.
 A - a book of Summonings

   Spells                             Type                      Level
   a - Recall                         Summoning/Translocation      3
   b - Aura of Abjuration             Summoning                    5
   c - Summon Demon                   Summoning                    5
   d - Summon Forest                  Summoning/Translocation      5
   e - Summon Mana Viper              Hexes/Summoning              5
   f - Shadow Creatures               Summoning                    6
   Trog disapproves of the use of such an item.
Miscellaneous
 a - a phantom mirror
 U - a phial of floods
Comestibles
 b - 4 royal jellies
 c - 5 meat rations
 B - 3 beef jerkies


   Skills:
 + Level 14.6(14.5) Fighting
 - Level 15.7(16.2) Maces & Flails
 * Level 8.2(12.9) Staves
 - Level 5.8(5.7) Armour
 - Level 11.1(11.0) Dodging
 + Level 7.0(6.9) Evocations


You had 14 spell levels left.
You didn't know any spells.

Dungeon Overview and Level Annotations

Branches:
Dungeon (15/15)            Temple (1/1) D:5            Lair (6/6) D:9
  Swamp (4/4) Lair:4       Spider (0/4) Lair:3        Slime (0/5) Lair:6
    Orc (2/2) D:9             Elf (0/3) Orc:2        Vaults (0/5) D:13
 Depths: D:15

Altars:
Ashenzari
Cheibriados
Dithmenos
Fedhas
Gozag
Makhleb
Nemelex Xobeh
Qazlal
Ru
Sif Muna
Trog
Vehumet
Xom
Zin
Beogh

Shops:
D:8 :   Orc:1 !%   Orc:2 ::(*

Portals:
Trove: D:11 (show slimy rune of Zot)

Annotations:
Lair:4 exclusion: oklob plant


Innate Abilities, Weirdness & Mutations

You are small and have problems with some larger weapons.
You are carnivorous and can eat meat at any time.


Message History

Press: ? - help, v - describe, . - travel
Here: a bone dragon (water, lightly damaged) Some deep water.
Okay, then.
Okay, then.
Evoke which item? (* to show all) (? for menu, Esc to quit)
Okay, then.
Press: ? - help, v - describe, . - travel
Here: an insubstantial wisp The floor, spattered with blood.
Okay, then.
Okay, then.
Unknown command.
Wield which item (- for none, * to show all)? (? for menu, Esc to quit)
The +7 quarterstaff of Miuvasee {flame, +Inv rPois MR+ Dex+4} stops flaming.
You feel protected!
g - a +6 quarterstaff of protection (weapon)
The insubstantial wisp hits you but does no damage.
The bone dragon bites you!
You die...

### ##.≈##
##≈≈≈≈##
##..≈≈≈≈##
..≈≈...≈≈##
#.WvZD###
#.§#@vvW#
##..###.≈#
##§..# ..#
##§.≈## ##
#.§.##
##†.##
##...#
#≈..## ♣♣
##§..#


You could see a bone dragon, a spectral four-headed hydra, 2 phantoms and 3
insubstantial wisps.

Vanquished Creatures
  Rupert (D:14)
  Agnes (D:14)
  A dire elephant (Lair:6)
  Azrael (D:13)
  An ettin (Orc:1)
  Josephine (D:10)
  4 hydras
  A ghost crab (Swamp:4)
  A catoblepas (Lair:6)
  A centaur warrior (D:13)
  6 alligators
  2 tengu warriors
  5 death yaks (Lair:6)
  A deep troll shaman (Lair:6)
  Nergalle (Orc:1)
  Sonja (D:14)
  A death drake (Swamp:4)
  2 flayed ghosts (D:13)
  A spectral hydra (Swamp:4)
  2 unseen horrors
  2 phantasmal warriors (Swamp:4)
  A swamp dragon (Swamp:3)
  6 hill giants
  2 deep elf magi
  6 orc sorcerers
  A manticore (D:12)
  3 elephants (Lair:6)
  Joseph (D:8)
  2 gargoyles
  2 rime drakes (Lair:5)
  12 spiny frogs
  3 komodo dragons
  A swamp worm zombie (Swamp:4)
  2 tengu conjurers
  2 hydra zombies (Swamp:4)
  4 trolls
  3 meliai (D:13)
  4 polar bears
  A tyrant leech (Swamp:1)
  3 hippogriffs
  9 blink frogs
  4 bog bodies
  2 slime creatures (Swamp:4)
  8 alligator zombies (Swamp:4)
  2 shadows
  35 yaks
  2 vampires
  4 wraiths (D:10)
  6 wyverns
  A basilisk (Lair:3)
  2 fire elementals (D:13)
  11 vampire mosquitoes
  7 hungry ghosts
  Grum (D:10)
  5 wargs
  An insubstantial wisp (Swamp:4)
  The ghost of yaymichael the Magician, an amateur HEWz (D:5)
  5 swamp worms
  11 water moccasins
  3 hell hounds (D:13)
  5 porcupines
  Duvessa (D:6)
  4 swamp drakes
  11 orc warriors
  An ice beast (D:5)
  4 phantoms
  4 sky beasts
  3 black bears
  4 necrophages
  2 swamp dragon zombies (Swamp:4)
  2 wasps
  11 ogres
  19 wolves
  10 crocodiles
  4 centaurs (D:13)
  Blork the orc (D:6)
  An earth elemental (Lab)
  A gnoll sergeant (D:12)
  16 bullfrogs
  Dowan (D:6)
  2 wyvern skeletons
  2 scorpions
  8 wights
  8 howler monkeys
  4 crimson imps
  A quasit (D:11)
  A bullfrog skeleton (D:7)
  40 orc wizards
  3 bullfrog zombies
  4 hounds
  5 jellies
  A gnoll shaman (D:5)
  12 orc priests
  4 centaur skeletons
  Jessica (D:2)
  Terence (D:3)
  7 iguanas
  6 hell rats (Lair:3)
  7 worker ants
  A worker ant zombie (D:10)
  17 gnolls
  2 howler monkey skeletons
  9 adders
  39 river rats
  A shadow imp (D:8)
  An adder zombie (D:7)
  An adder skeleton (D:6)
  3 worms
  3 dart slugs
  6 leopard geckos
  82 orcs
  A giant cockroach (D:6)
  2 goblins (D:3)
  7 hobgoblins
  5 kobolds
  5 quokkas
  2 ball pythons
  3 bats
  A frilled lizard (D:3)
  A quokka skeleton (D:4)
  3 rats
633 creatures vanquished.

Vanquished Creatures (collateral kills)
  A minotaur (Lab)
  A vault guard (D:13)
  A tarantella (shapeshifter) (D:13)
  A sky beast (D:13)
4 creatures vanquished.

Vanquished Creatures (others)
  A phantom (Swamp:4)
  A swamp drake zombie (Swamp:4)
  An orc (Orc:2)
  5 fungi (Lair:6)
  2 plants (Lair:6)
10 creatures vanquished.

Grand Total: 647 creatures vanquished

Notes
Turn   | Place    | Note
-------+----------+-------------------------------------------
     0 | D:1      | PurpleRed the Kobold Berserker began the quest for the Orb.
     0 | D:1      | Reached XP level 1. HP: 14/14 MP: 1/1
   219 | D:1      | Reached skill level 3 in Maces & Flails
   219 | D:1      | Reached XP level 2. HP: 19/19 MP: 2/2
   339 | D:2      | Noticed Jessica
   343 | D:2      | Killed Jessica
   343 | D:2      | Reached XP level 3. HP: 24/24 MP: 3/3
   390 | D:2      | Reached XP level 4. HP: 22/29 MP: 4/4
   425 | D:2      | Found a shimmering altar of Xom.
   574 | D:3      | Reached skill level 4 in Maces & Flails
   581 | D:3      | Reached ** piety under Trog
   581 | D:3      | Reached XP level 5. HP: 33/33 MP: 5/5
   789 | D:3      | Noticed a bullfrog
   798 | D:3      | Killed a bullfrog
   798 | D:3      | Reached skill level 5 in Maces & Flails
   798 | D:3      | Reached XP level 6. HP: 40/40 MP: 6/6
   806 | D:3      | Noticed Terence
   844 | D:3      | Killed Terence
   878 | D:4      | Reached skill level 5 in Fighting
  1119 | D:4      | Reached XP level 7. HP: 44/44 MP: 7/7
  1174 | D:4      | Reached skill level 6 in Maces & Flails
  1246 | D:5      | Entered Level 5 of the Dungeon
  1318 | D:5      | Found a staircase to the Ecumenical Temple.
  1327 | D:5      | Reached *** piety under Trog
  1360 | D:5      | Noticed yaymichael's ghost (amateur HEWz)
  1386 | D:5      | Killed yaymichael's ghost
  1386 | D:5      | Reached skill level 7 in Maces & Flails
  1386 | D:5      | Reached XP level 8. HP: 51/51 MP: 8/8
  1419 | Temple   | Entered the Ecumenical Temple
  1573 | D:5      | Found a shadowy altar of Dithmenos.
  1574 | D:5      | Found a deep blue altar of Sif Muna.
  1582 | D:6      | Noticed Blork the orc
  1595 | D:6      | Killed Blork the orc
  1625 | D:6      | Noticed Dowan
  1648 | D:6      | Noticed Duvessa
  1660 | D:6      | Killed Duvessa
  1665 | D:6      | Killed Dowan
  1688 | D:6      | Found a sparkling altar of Nemelex Xobeh.
  2029 | D:7      | Reached skill level 8 in Maces & Flails
  2029 | D:7      | Reached XP level 9. HP: 57/57 MP: 9/9
  2052 | D:7      | Found a stormy altar of Qazlal.
  2079 | D:7      | Found a blossoming altar of Fedhas.
  2232 | D:7      | Found a shattered altar of Ashenzari.
  2394 | D:8      | Noticed Joseph
  2410 | D:8      | Killed Joseph
  2492 | D:10     | Entered Level 10 of the Dungeon
  2502 | D:10     | Noticed Grum
  2502 | D:10     | Reached skill level 9 in Maces & Flails
  2515 | D:10     | Killed Grum
  2539 | D:9      | Noticed a hippogriff
  2548 | D:9      | Killed a hippogriff
  2611 | D:9      | Noticed a troll
  2641 | D:9      | Killed a troll
  2641 | D:9      | Reached XP level 10. HP: 58/65 MP: 10/10
  2660 | D:9      | Reached **** piety under Trog
  2733 | D:9      | Found a staircase to the Orcish Mines.
  2810 | D:9      | Got a twisted robe
  2867 | D:8      | Reached skill level 10 in Maces & Flails
  3100 | D:8      | Found Yxeumuf's Book Emporium.
  3239 | D:10     | Killed an unseen horror
  3239 | D:10     | Reached skill level 5 in Dodging
  3335 | D:10     | HP: 2/66 [vampire (5)]
  3499 | D:10     | Noticed a hill giant
  3512 | D:10     | Killed a hill giant
  3512 | D:10     | Reached skill level 11 in Maces & Flails
  3512 | D:10     | Reached XP level 11. HP: 71/71 MP: 11/11
  4012 | D:12     | Noticed a hill giant
  4021 | D:11     | Reached skill level 10 in Fighting
  4087 | D:11     | Noticed a hill giant
  4091 | D:11     | Noticed a hill giant
  4094 | D:11     | Killed a hill giant
  4100 | D:11     | Killed a hill giant
  4168 | D:11     | Found a portal to a secret trove of treasure.
  4291 | D:10     | Noticed a deep elf mage
  4293 | D:10     | Noticed Josephine
  4389 | D:10     | Killed a deep elf mage
  4389 | D:10     | Reached skill level 12 in Maces & Flails
  4896 | D:10     | Killed Josephine
  4896 | D:10     | Reached XP level 12. HP: 78/78 MP: 12/12
  5003 | D:9      | Found a staircase to the Lair.
  5012 | Lair:1   | Entered Level 1 of the Lair of Beasts
  5163 | Lair:1   | Got a steaming falchion
  5207 | Lair:1   | Reached ***** piety under Trog
  5569 | Lair:2   | Found a shadowy altar of Dithmenos.
  5653 | Lair:3   | Reached skill level 13 in Maces & Flails
  5733 | Lair:3   | Found a labyrinth entrance.
  5752 | Lab      | Entered a labyrinth
  6082 | Lab      | Noticed a minotaur
  6087 | Lab      | Killed a minotaur
  6109 | Lab      | Identified the +7 falchion of Duum {speed, rPois MR- Int+6} (You found it on level 1 of the Lair of Beasts)
  6122 | Lab      | Identified the cursed +1 robe of Empap {rElec rF- Int-2 Dex+8 Stlth+} (You took it off an orc on level 9 of the Dungeon)
  6153 | Lair:3   | Noticed a six-headed hydra
  6172 | Lair:3   | Killed a one-headed hydra
  6516 | Lair:4   | Reached skill level 10 in Dodging
  6528 | Lair:4   | Found a staircase to the Swamp.
  6656 | Lair:4   | Reached XP level 13. HP: 83/84 MP: 13/13
  6666 | Lair:4   | Noticed a five-headed hydra
  6675 | Lair:4   | Killed a five-headed hydra
  6869 | Lair:6   | Entered Level 6 of the Lair of Beasts
  6903 | Lair:6   | Received a gift from Trog
  6915 | Lair:6   | Reached skill level 14 in Maces & Flails
  7478 | Lair:6   | Noticed a catoblepas
  7562 | Lair:6   | Killed a catoblepas
  7730 | Lair:6   | Noticed a dire elephant
  7753 | Lair:6   | Killed a dire elephant
  7901 | Lair:6   | Reached XP level 14. HP: 92/92 MP: 14/14
  7908 | Lair:6   | Reached skill level 15 in Maces & Flails
  8003 | Lair:5   | Reached skill level 5 in Armour
  8400 | Orc:1    | Entered Level 1 of the Orcish Mines
  8400 | Orc:1    | Found Ofudoceps's Distillery.
  8400 | Orc:1    | Noticed Nergalle
  8408 | Orc:1    | Killed Nergalle
  8460 | Orc:1    | Bought a potion of flight for 45 gold pieces
  8488 | Orc:1    | Found a roughly hewn altar of Beogh.
  8589 | Orc:1    | Received a gift from Trog
  8631 | Orc:1    | Found a roughly hewn altar of Beogh.
  8753 | Orc:1    | Found Tiodemus's Food Shoppe.
  8793 | Orc:2    | Entered Level 2 of the Orcish Mines
  8944 | Orc:2    | Found a staircase to the Elven Halls.
  9361 | Orc:2    | Found Detus's General Store.
  9361 | Orc:2    | Found Kuasior's Weapon Shoppe.
  9465 | Orc:2    | Found a roughly hewn altar of Beogh.
  9507 | Orc:2    | Received a gift from Trog
  9535 | Orc:2    | Found Kab Ecza's Book Shoppe.
  9535 | Orc:2    | Found Eson's Book Boutique.
  9607 | Orc:2    | Bought the +7 quarterstaff of Miuvasee {flame, +Inv rPois MR+ Dex+4} for 1264 gold pieces
  9690 | Orc:1    | Bought a potion of might for 60 gold pieces
  9690 | Orc:1    | Bought a potion of curing for 45 gold pieces
  9805 | D:12     | Reached skill level 1 in Staves
  9805 | D:12     | Reached skill level 1 in Evocations
 10143 | D:14     | Noticed Sonja
 10191 | D:14     | Killed Sonja
 10248 | D:14     | Noticed Rupert
 10257 | D:14     | Killed Rupert
 10311 | D:15     | Entered Level 15 of the Dungeon
 10395 | D:14     | Noticed Agnes
 10407 | D:14     | Killed Agnes
 10407 | D:14     | Reached XP level 15. HP: 100/100 MP: 17/17
 10453 | D:13     | Noticed Azrael
 10484 | D:13     | Received a gift from Trog
 10533 | D:13     | Killed Azrael
 10723 | D:13     | Reached skill level 5 in Staves
 10755 | D:13     | Found a gate to the Vaults.
 11556 | Lair:2   | Reached skill level 5 in Evocations
 11632 | Swamp:1  | Entered Level 1 of the Swamp
 11649 | Swamp:1  | Received a gift from Trog
 11740 | Swamp:1  | Identified the Almanac of Neurosis
 12081 | Swamp:4  | Entered Level 4 of the Swamp
 12179 | Swamp:3  | Noticed a thorn hunter
 12766 | Swamp:4  | Noticed a bone dragon
 12783 | Swamp:4  | Slain by a bone dragon

Vault maps used:
D:1:      lemuel_arrival_room
D:2:      lemuel_doored_altar, xom_teletrap_fun, uniq_jessica
D:3:      first_bread, minmay_joined_circles, uniq_terence
D:5:      gammafunk_temple_overflow_statue, minivault_11, minivault_19
D:6:      serial_co_window_serial, co_window_paths_a, co_window_paths_a,
          co_window_corner_a, co_window_corner_a, co_window_paths_a,
          co_window_corner_b, co_window_broadway_a, co_window_of_opportunity_c,
          glass_columns_b, glass_columns_c, glass_columns_b, glass_columns_c,
          nemelex_xobeh_ov_fountains_minmay, uniq_menkaure, uniq_blork_the_orc,
          uniq_crazy_yiuf_cottage, uniq_duvessa
D:7:      evilmike_ruin_ashenzari, grunt_temple_overflow_forces_of_nature
D:8:      serial_shops, shop, uniq_joseph
D:9:      david_orc_2
D:10:     hangedman_stone_soup, uniq_grum, uniq_josephine
D:11:     enter_trove_3
D:12:     spider_trap, uniq_urug
D:13:     david_vaults_5, uniq_azrael
D:14:     minmay_misc_feat_five, uniq_sonja, uniq_agnes, uniq_rupert
D:15:     hangedman_depths_entry_civil_slaughter, lemuel_coloured_pillars_altar
Temple:   eino_narrow_crystal_temple
Lair:1:   ldierk_geyser, wad_woods_road_02, st_stairs_8, beast_lair_carwin_4
Lair:2:   basic_altar
Lair:3:   spider_nest_entry_funnel_web, lab_entry_generic, grunt_megastairs_5
Lair:4:   minmay_swamp_entry_swarm, st_stairs_3
Lair:5:   beast_lair_carwin_11
Lair:6:   grunt_lair_end_beastmaster, dpeg_slime_entry_corner, basic_altar,
          st_stairs_9, grunt_megastairs_3
Swamp:1:  serial_swamp_ruin, evilmike_swamp_ruin_wall,
          evilmike_swamp_ruin_house_5, evilmike_swamp_ruin_house_3, swamp_pool3,
          infiniplex_staircase_pool
Swamp:2:  nicolae_swamp_little_tower
Swamp:3:  nicolae_swamp_round_clearing
Swamp:4:  swamp_pestilence
Orc:1:    basic_altar, serial_shops, shop, nicolae_shop_crystal,
          minmay_orc_temple_a, uniq_nergalle
Orc:2:    st_orc_town
Lab:      labyrinth_watery, nicolae_lab_plus, nicolae_lab_hexagon,
          nicolae_lab_x, labyrinth_fake_exit, nicolae_lab_stuck,
          nicolae_lab_big_swirl, lab_statue, nicolae_lab_starburst,
          nicolae_lab_t_cross, nicolae_lab_blocks, lab_block,
          labyrinth_skeletal_remains

Skill      XL: |  1  2  3  4  5  6  7  8  9 10 11 12 13 14 15 |
---------------+----------------------------------------------+-----
Maces & Flails | 3 4 5 7 8 9 11 12 13 14 15 | 15.7
Fighting       | 4 5 6 7 8 9 10 11 12 13 14 | 14.6
Armour         | 2 4 5 |  5.8
Dodging        | 3 5 8 10 11 | 11.1
Staves         | 4 8 |  8.2
Evocations     | 3 7 |  7.0

Action                   |  1- 3 |  4- 6 |  7- 9 | 10-12 | 13-15 || total
-------------------------+-------+-------+-------+-------+-------++-------
Melee: Mace              |    41 |    32 |       |       |       ||    73
       Whip              |       |    83 |   215 |    11 |       ||   309
       Morningstar       |       |       |    81 |   742 |   755 ||  1578
       Hand axe          |       |       |       |     8 |       ||     8
       Quarterstaff      |       |       |       |       |   601 ||   601
       Eveningstar       |       |       |       |       |     4 ||     4
Throw: Throwing net      |       |       |       |       |     1 ||     1
Invok: Berserk           |     1 |     7 |    13 |    33 |    34 ||    88
       Trog's Hand       |       |     1 |     3 |    10 |    10 ||    24
       Brothers in Arms  |       |       |       |     1 |     2 ||     3
       Burn Spellbooks   |       |       |       |     1 |     3 ||     4
Evoke: Wand              |       |       |       |     3 |       ||     3
  Use: Scroll            |       |       |     6 |    10 |    15 ||    31
       Potion            |       |       |     1 |     2 |    13 ||    16
 Stab: Petrified         |       |       |       |       |     1 ||     1
       Invisible         |       |       |       |       |     1 ||     1
       Sleeping          |       |       |       |       |     1 ||     1
  Eat: Chunk             |     8 |     8 |    20 |    59 |    60 ||   155
       Beef jerky        |       |       |       |     3 |       ||     3
       Royal jelly       |       |       |       |     1 |       ||     1
Armor: Animal skin       |     9 |    14 |       |       |       ||    23
       Ring mail         |       |     3 |       |       |       ||     3
       Chain mail        |       |    10 |   152 |   452 |   370 ||   984
       Troll hide        |       |       |       |       |     3 ||     3
Dodge: Dodged            |    42 |    68 |   156 |   570 |   908 ||  1744
Block: Other             |       |       |       |    32 |   215 ||   247
       Reflection        |       |       |       |       |     3 ||     3
